 Dungeon Crawl Stone Soup version 0.28.0-45-g0d030f2227 (webtiles) character file.

Game seed: 15368012811533682710

133 MisterFreud the Poker (level 5, 0/73 HPs)
             Began as a Naga Fighter on May 3, 2022.
             Succumbed to an orc wizard's poison
             ... on level 2 of the Dungeon.
             The game lasted 00:02:26 (2104 turns).

MisterFreud the Poker (Naga Fighter)                Turns: 2104, Time: 00:02:27

Health: 0/73       AC: 22    Str: 20    XL:     5   Next: 16%
Magic:  2/5        EV:  1    Int:  8    God:
Gold:   77         SH:  4    Dex: 11    Spells: 4/4 levels left

rFire   + . .      SeeInvis +   a - +0 trident
rCold   + . .      Faith    .   c - +0 buckler
rNeg    . . .      Spirit   +   (armour currently unavailable)
rPois   +          Reflect  .   (helmet currently unavailable)
rElec   +          Harm     .   (cloak currently unavailable)
rCorr   +          Rampage  .   (gloves currently unavailable)
Will    .....      NoTele   +   (no barding)
Stlth   +.........              o - amulet of guardian spirit
HPRegen 0.22/turn               (no ring)
MPRegen 0.09/turn               (no ring)

@: lethally poisoned (0 -> -14), tree-form, resistant
A: stationary, stasis, torment immunity, boosted hp, AC +1, large, see
invisible, (deformed body), (poison resistance), (slowness 2), spit poison 1,
(naga tail 1)
a: Spit Poison


You were on level 2 of the Dungeon.
You were a tree.
You visited 1 branch of the dungeon, and saw 2 of its levels.

You collected 77 gold pieces.

Inventory:

Hand Weapons
 a - a +0 trident (weapon)
 n - the +0 rapier of the Spinneret {vorpal, Int+3}
   (You found it on level 2 of the Dungeon)

   It inflicts extra damage upon your enemies.
   Int:       It affects your intelligence (+3).
Armour
 b - a +0 scale mail (melded)
 c - a +0 buckler (worn)
 l - a +1 helmet (melded)
Jewellery
 o - an amulet of guardian spirit (around neck)
Scrolls
 g - a scroll of identify {unknown}
 i - a scroll of enchant armour {unknown}
 j - a scroll of fog {unknown}
 k - a scroll of magic mapping {unknown}
 m - 3 scrolls of summoning {unknown}
Potions
 d - a potion of might
 h - a potion of heal wounds {unknown}


   Skills:
 - Level 3.0 Fighting
 + Level 5.2 Polearms
 - Level 2.4 Armour
 - Level 2.4 Shields


You had 4 spell levels left.
You didn't know any spells.
Your spell library contained the following spells:

 Spells                   Type           Power      Damage    Failure   Level
 Summon Small Mammal      Summ           0%         N/A       47%         1
 Call Canine Familiar     Summ           0%         N/A       85%         3
 Summon Guardian Golem    Hex/Summ       0%         N/A       85%         3


Dungeon Overview and Level Annotations

Branches:
Dungeon (2/15)

Altars:


Innate Abilities, Weirdness & Mutations

You are a tree.
Your roots penetrate the ground, keeping you stationary.
You cannot be teleported.
You are immune to unholy pain and torment.
Your maximum health is greatly increased.
Your equipment is partially melded.
((Your serpentine skin is tough. (AC +1)))
You have supernaturally acute eyesight. (SInv)
((Armour fits poorly on your strangely shaped body.))
((Your system is resistant to poisons. (rPois)))
((You cover ground very slowly.))
You can spit poison.
((You have a snake-like lower body.))


Message History

The orc wizard hits you but does no damage.
You hit the orc wizard.
The orc wizard is heavily wounded.
You feel sick.
The orc wizard hits you but does no damage.
You hit the orc wizard.
The orc wizard is severely wounded.
You feel sick.
You are no longer poisoned.
The orc wizard hits you with a +1 dagger of venom.
* * * LOW HITPOINT WARNING * * *
You are poisoned.
Unknown command.
Unknown command.
You hit the orc wizard but do no damage.
The orc wizard is severely wounded.
You feel very sick.
The orc wizard hits you but does no damage.
You closely miss the orc wizard.
The orc wizard is severely wounded.
You feel sick.
The orc wizard hits you but does no damage.
You are lethally poisoned!
The orc wizard hits you with a +1 dagger of venom.
* * * LOW HITPOINT WARNING * * *
You hit the orc wizard.
The orc wizard is almost dead.
* * * LOW HITPOINT WARNING * * *
You feel very sick.
The orc wizard hits you but does no damage.
You are more poisoned.
You puncture the orc wizard!
You kill the orc wizard!
* * * LOW HITPOINT WARNING * * *
You feel very sick.
Your Polearms skill increases to level 5!
You have reached level 5!
It was a potion of resistance.
You feel protected.
You die...

#.# #.# #.......# #.# #.#
#.......# #.# #.#
#.......#### #.# #.#
#..........# #.# #.#
#.(.....##.# #.#
#.########.......##.#
#.#####...>...##.......##.#
#...........#.###########.##
########.#.♣#.######).......
#...).....÷))......##
###...#######.###..# #...#
#.# #..# #...# #.# #..#
#...# #.# #..## ....[
##.###.... ....## ..........
..#.# #.###..##


There were no monsters in sight!

Vanquished Creatures
  2 orc wizards (D:2)
  Robin (D:2)
  An adder (D:2)
  3 dart slugs
  3 orcs (D:2)
  5 bats
  3 endoplasms
  7 goblins
  6 hobgoblins
  2 jackals (D:1)
  3 kobolds
  3 quokkas (D:1)
  5 ball pythons
  4 frilled lizards
  A rat (D:1)
49 creatures vanquished.

Notes
Turn   | Place    | Note
-------+----------+-------------------------------------------
     0 | D:1      | MisterFreud the Naga Fighter began the quest for the Orb.
     0 | D:1      | Reached XP level 1. HP: 21/21 MP: 1/1
   174 | D:1      | Reached XP level 2. HP: 28/28 MP: 2/2
   328 | D:1      | Reached skill level 3 in Polearms
   694 | D:1      | Reached XP level 3. HP: 25/34 MP: 3/3
  1062 | D:1      | Found a faded altar of an unknown god.
  1380 | D:2      | Reached skill level 4 in Polearms
  1568 | D:2      | Noticed Robin
  1581 | D:2      | Reached XP level 4. HP: 25/42 MP: 4/4
  1586 | D:2      | Killed Robin
  1837 | D:2      | Identified the +0 rapier of the Spinneret {vorpal, Int+3}
  2103 | D:2      | HP: 2/63 [poisoned by an orc wizard]
  2104 | D:2      | Reached skill level 5 in Polearms
  2104 | D:2      | Reached XP level 5. HP: 3/49 MP: 2/5
  2104 | D:2      | Succumbed to an orc wizard's poison

Illustrated notes

Levels and vault maps discovered:
D:1:      lightli_arrival_quake, layout_basic,
          shapermc_ecumenical_altar_mp_ritualfount, st_stairs_8, glass_columns_a
D:2:      layout_loops_ring, uniq_robin

Skill      XL: |  1  2  3  4 |
---------------+-------------+-----
Polearms       | 3 4 5 |  5.2
Fighting       | |  3.0
Armour         | |  2.4
Shields        | |  2.4

Action                   |  1- 3 |  4- 6 || total
-------------------------+-------+-------++-------
Melee: Trident           |    92 |    53 ||   145
 Abil: Spit Poison       |    27 |     7 ||    34
  Use: Potion            |       |     2 ||     2
Armor: Scale mail        |    37 |    22 ||    59
       Skin              |       |     7 ||     7
Dodge: Dodged            |    34 |    15 ||    49
Block: Buckler           |    16 |     5 ||    21
